Map: Honorgrounds LE

Players

Musumeci - Winner!

  • Race: Zerg Zerg
  • League: Diamond
  • Spawn Location: 11:00

miked

  • Race: Protoss Protoss
  • League: Diamond
  • Spawn Location: 7:00

VOD

Have the link to the VOD?

Description

Time

  • Played on: March 2, 2017, 11:08 a.m.
  • Length: 10:58
Show
View Real Time Build Order
Export as new Build Order

Musumeci Zerg - Winner!

Build Orders: Hatch First 

Get SALT Encoding   

  12  0:01  Drone  
  13  0:08  Drone  
  14  0:20  Drone, Extractor  
  15  0:40  Hatchery  
  14  0:44  Extractor  
  14  0:46  Drone  
  15  1:00  Spawning Pool  
  14  1:37  Overlord  
  14  1:40  Extractor  
  14  1:44  Drone, Extractor  
  14  1:45  Drone  
  14  1:52  Drone  
  15  1:56  Queen, Drone  
  15  1:57  Queen  
  15  1:59  Drone  
  21  2:09  Zergling x2  
  21  2:12  Drone  
  23  2:31  Hatchery  
  23  2:34  Drone  
  23  2:38  Drone  
  24  2:45  Metabolic Boost  
  24  2:53  Drone  
  24  2:54  Drone  
  24  2:56  Drone  
  27  3:02  Drone  
  27  3:24  Drone  
  27  3:25  Overlord  
  27  3:26  Overlord  
  28  3:27  Overlord  
  28  3:50  Drone x4  
  28  3:51  Drone x3  
  28  3:52  Queen  
  37  3:57  Extractor  
  37  3:59  Zergling x2, Roach Warren  
  37  4:02  Zergling x2  
  37  4:04  Zergling x2  
  37  4:09  Zergling x2  
  39  4:10  Zergling x2  
  39  4:16  Drone x2  
  42  4:27  Drone x5  
  47  4:35  Spore Crawler  
  47  4:36  Spore Crawler  
  47  4:38  Spore Crawler  
  43  4:52  Drone  
  44  4:53  Drone x4  
  44  4:54  Drone x3  
  44  4:58  Extractor  
  50  5:07  Lair  
  50  5:09  Drone x3  
  50  5:13  Drone x3  
  56  5:15  Extractor  
  56  5:16  Overlord  
  55  5:27  Zergling x4  
  54  5:46  Drone x3  
  54  5:47  Drone  
  54  5:48  Overlord x2  
  54  5:49  Drone x8  
  66  5:59  Evolution Chamber  
  66  6:03  Drone  
  66  6:04  Extractor  
  66  6:05  Extractor  
  64  6:20  Roach x5  
  64  6:22  Overlord x4  
  74  6:45  Glial Reconstitution  
  74  6:46  Zerg Missile Weapons Level 1  
  74  6:48  Roach x2  
  74  6:49  Roach x3, Hydralisk Den  
  74  6:50  Ravager  
  74  6:51  Ravager x4  
  87  7:02  Roach  
  87  7:03  Roach x4  
  87  7:07  Drone x3  
  101  7:08  Drone x3  
  101  7:09  Overlord x3  
  101  7:21  Drone x4  
  105  7:28  Overlord x3  
  105  7:30  Muscular Augments  
  105  7:31  Hydralisk x2  
  105  7:33  Hatchery  
  108  7:38  Overseer  
  108  7:43  Hydralisk x4  
  116  7:47  Ravager x6  
  122  8:11  Hydralisk  
  122  8:12  Hydralisk x7  
  136  8:15  Drone  
  136  8:16  Drone x2  
  141  8:38  Hydralisk x6  
  141  8:40  Overlord x2  
  153  8:47  Hydralisk x3  
  159  8:52  Overlord x2  
  159  8:53  Overlord  
  159  9:11  Ravager x3  
  154  9:25  Hydralisk x6  
  154  9:26  Hydralisk x5  
  167  9:36  Roach x7  
  127  9:53  Roach  
  127  9:54  Roach x11  
  149  10:18  Hydralisk  
  149  10:19  Hydralisk x7  
  157  10:45  Drone x11  
Show
View Real Time Build Order
Export as new Build Order

miked Protoss 

Build Orders: 1 Gate Expand 

Get SALT Encoding   

  12  0:01  Probe (Chrono Boost)  
  13  0:11  Probe (Chrono Boost)  
  14  0:18  Pylon  
  14  0:22  Probe (Chrono Boost)  
  15  0:36  Probe (Chrono Boost)  
  15  0:39  Gateway  
  16  0:47  Probe (Chrono Boost)  
  16  0:49  Assimilator  
  17  0:58  Probe (Chrono Boost)  
  18  1:08  Probe (Chrono Boost)  
  19  1:19  Probe (Chrono Boost)  
  20  1:32  Nexus  
  20  1:36  Probe (Chrono Boost)  
  21  1:46  Cybernetics Core  
  21  1:54  Pylon  
  21  1:57  Probe (Chrono Boost)  
  21  2:00  Assimilator  
  22  2:07  Probe (Chrono Boost)  
  23  2:18  Probe (Chrono Boost)  
  23  2:22  Adept, Pylon  
  24  2:27  Warp Gate  
  27  2:37  Mothership Core (Chrono Boost)  
  28  2:46  Adept  
  28  2:48  Probe (Chrono Boost)  
  31  2:56  Probe (Chrono Boost)  
  31  2:57  Pylon  
  33  2:58  Probe (Chrono Boost)  
  33  3:10  Sentry  
  35  3:20  Probe (Chrono Boost)  
  35  3:22  Probe (Chrono Boost)  
  36  3:29  Twilight Council  
  36  3:31  Probe (Chrono Boost)  
  36  3:34  Gateway, Probe (Chrono Boost)  
  38  3:41  Assimilator, Probe (Chrono Boost)  
  39  3:44  Assimilator  
  39  3:45  Probe (Chrono Boost)  
  40  3:50  Adept  
  40  3:52  Probe (Chrono Boost)  
  40  3:54  Resonating Glaives  
  43  3:56  Probe (Chrono Boost)  
  43  4:02  Probe (Chrono Boost)  
  45  4:07  Robotics Facility  
  45  4:08  Probe (Chrono Boost)  
  46  4:13  Probe (Chrono Boost)  
  47  4:20  Probe (Chrono Boost)  
  47  4:23  Probe (Chrono Boost)  
  49  4:30  Adept x2  
  54  4:32  Probe (Chrono Boost)  
  54  4:34  Probe (Chrono Boost)  
  55  4:40  Pylon  
  55  4:44  Probe x2 (Chrono Boost)  
  57  4:47  Forge  
  57  4:51  Adept, Sentry  
  61  4:56  Probe (Chrono Boost)  
  61  4:59  Probe (Chrono Boost)  
  63  5:00  Observer  
  63  5:03  Pylon  
  65  5:08  Probe (Chrono Boost)  
  65  5:10  Pylon  
  65  5:11  Probe (Chrono Boost)  
  66  5:19  Gateway  
  66  5:20  Gateway, Probe (Chrono Boost)  
  67  5:21  Protoss Ground Weapons Level 1  
  67  5:23  Probe (Chrono Boost)  
  67  5:28  Adept x2  
  72  5:34  Probe (Chrono Boost)  
  72  5:35  Probe (Chrono Boost)  
  74  5:45  Nexus  
  74  5:46  Probe (Chrono Boost)  
  74  5:48  Pylon  
  75  5:50  Pylon  
  75  5:51  Blink  
  75  5:53  Sentry, Probe (Chrono Boost)  
  75  5:54  Observer, Sentry  
  82  5:58  Probe (Chrono Boost)  
  83  6:05  Probe (Chrono Boost)  
  83  6:08  Adept  
  85  6:12  Observer  
  85  6:18  Assimilator, Probe x2 (Chrono Boost)  
  88  6:22  Assimilator  
  88  6:26  Pylon  
  88  6:28  Immortal  
  88  6:30  Probe x2 (Chrono Boost)  
  88  6:31  Sentry x2  
  97  6:47  Adept  
  99  6:54  Adept x2  
  99  6:57  Probe x3 (Chrono Boost)  
  106  7:02  Adept, Protoss Ground Armor Level 1  
  106  7:05  Observer  
  110  7:09  Probe (Chrono Boost)  
  110  7:11  Adept  
  110  7:12  Probe (Chrono Boost)  
  110  7:14  Probe (Chrono Boost)  
  114  7:18  Robotics Bay  
  114  7:19  Forge  
  114  7:21  Immortal  
  114  7:22  Probe (Chrono Boost)  
  115  7:23  Probe (Chrono Boost)  
  115  7:26  Probe (Chrono Boost)  
  121  7:34  Adept x2  
  125  7:41  Pylon  
  125  7:51  Pylon  
  125  7:54  Pylon  
  125  7:55  Immortal  
  125  7:57  Pylon  
  125  8:03  Adept x2  
  133  8:08  Pylon  
  133  8:10  Adept x2  
  136  8:17  Protoss Ground Weapons Level 2  
  136  8:25  Gateway x2  
  136  8:27  Gateway  
  136  8:31  Gateway  
  135  8:34  Gateway, Pylon  
  135  8:40  Pylon  
  135  8:41  Zealot  
  135  8:42  Zealot x3  
  135  8:43  Pylon  
  135  8:45  Charge  
  135  8:47  Immortal  
  143  8:51  Templar Archives  
  147  8:57  Robotics Facility  
  145  9:07  Adept x4  
  147  9:21  Immortal  
  147  9:37  Adept x2  
  147  9:38  Adept x2, Colossus  
  88  9:53  Colossus  
  88  9:58  Adept x4  
  88  10:00  Adept x4  
  98  10:18  Adept  
  98  10:20  Sentry x4  
  108  10:23  High Templar x2  
  108  10:28  Archon  
  108  10:30  Zealot x2  
  110  10:49  Nexus  
  106  10:51  Zealot x2  
Tags
 
Add a new tag
Caveats
  • Supply blocks, unpowered buildings, or Contaminate may cause inaccurate times.
  • Supply counts are checked every 10 seconds.